cohdb
Replays
Latest Replays
All Replays
Popular Replays
Top Player Replays
Match Explorer
How It Works
Community
CoH3 Stats
Reddit
Sign in to upload your games and track your stats! →
Sign in with Steam
Match 39847179
Unlisted
Match 39847179
Overview
Messages
Build Orders
End
Construct Section Command Post
Vickers Machine Gun Team
Infantry Section
Infantry Section
ML 3-inch Mortar Team
Construct Platoon Command Post
Construct Field Infirmary
Selects Canadian Shock Battlegroup
Selects Attacking Spirit
Selects Canadian Shock Section
Canadian Shock Section
Humber Armored Car
Construct Company Command Post
Canadian Shock Section
6-pounder Anti-tank Gun Team
Matilda II Heavy Tank
Unlock M3 Grant Medium Tanks
Selects Incendiary Munitions
Selects Pyrotechnics
Selects Churchill Crocodile Heavy Tank
M3 Grant Medium Tank
Foot Guards Section
DarkLord
juve1975
Sarmynation
✠ Freeman
0
0
Comments
sign in to comment!
No comments posted yet!